 Dungeon Crawl Stone Soup version 0.20.1-1-g8b1a95d (webtiles) character file.

510 gungr the Insei (level 7, -8/43 HPs)
             Began as an Octopode Transmuter on Oct 29, 2017.
             Was a Follower of Okawaru.
             Mangled by dengdeng's ghost (12 damage)
             ... on level 4 of the Dungeon.
             The game lasted 00:11:01 (3730 turns).

gungr the Insei (Octopode Transmuter)               Turns: 3730, Time: 00:11:02

Health: -8/43      AC:  2    Str:  9    XL:     7   Next: 19%
Magic:  6/10       EV: 19    Int: 20    God:    Okawaru [*.....]
Gold:   134        SH:  0    Dex: 17    Spells: 6/10 levels left

rFire    + . .     SeeInvis .     - Unarmed
rCold    . . .     Gourm    .   (shield currently unavailable)
rNeg     . . .     Faith    .   (helmet currently unavailable)
rPois    x         Spirit   .   (no amulet)
rElec    .         Reflect  .   k - ring of protection from fire
rCorr    .         Harm     .   s - +2 ring of intelligence
MR       .....                  (no ring)
Stlth    ++........             (no ring)
Regen    0.2/turn               (no ring)
MPRegen  0.2/turn               (no ring)
                                (no ring)
                                (no ring)

@: spider-form
A: almost no armour, stealthy swim, (amphibious), 8 rings, (constrict 8)
a: End Transformation, Heroism, Renounce Religion


You were on level 4 of the Dungeon.
You worshipped Okawaru.
Okawaru was aware of your devotion.
You were not hungry.
You were a venomous arachnid creature.
You visited 1 branch of the dungeon, and saw 4 of its levels.

You collected 134 gold pieces.

Inventory:

Missiles
 a - 61 arrows
Jewellery
 c - a +3 ring of strength {unknown}
 k - a ring of protection from fire (left front leg)
 s - a +2 ring of intelligence (right front leg)
 v - an uncursed amulet of the gourmand {unknown}
 y - an uncursed ring of positive energy {unknown}
Wands
 m - a wand of polymorph (13/24)
Scrolls
 d - 3 scrolls of identify {unknown}
 e - a scroll of fog {unknown}
 f - 3 scrolls of teleportation {unknown}
 g - a scroll of random uselessness {unknown}
 h - a scroll of magic mapping {unknown}
 j - a scroll of recharging {unknown}
 n - 4 scrolls of remove curse {unknown}
 o - 2 scrolls of enchant weapon {unknown}
 q - a scroll of enchant armour {unknown}
 u - a scroll of fear {unknown}
 x - a scroll of noise {unknown}
Potions
 p - a potion of might {unknown}
 r - a potion of lignification {unknown}
 w - a potion of invisibility {unknown}
 z - a potion of ambrosia {unknown}
Books
 b - a book of Changes

   Spells                             Type                      Level
   a - Beastly Appendage              Transmutation                1
   b - Sticks to Snakes               Transmutation                2
   c - Spider Form                    Transmutation/Poison         3
   d - Ice Form                       Ice/Transmutation            4
   e - Blade Hands                    Transmutation                5
Comestibles
 i - a meat ration
 l - 2 fruits
 t - 2 royal jellies


   Skills:
 - Level 1.0 Fighting
 - Level 2.0 Dodging
 - Level 6.6 Unarmed Combat
 - Level 2.0 Spellcasting
 + Level 4.8 Transmutations


You had 6 spell levels left.
You knew the following spells:

 Your Spells              Type           Power        Failure   Level  Hunger
a - Beastly Appendage     Tmut           ###...       9%          1    #......
b - Spider Form           Tmut/Pois      ##........   38%         3    ###....


Dungeon Overview and Level Annotations

Branches:
Dungeon (4/15)
 Temple: D:4-7

Altars:
Okawaru

Annotations:
D:4 dengdeng's ghost, novice GrBe


Innate Abilities, Weirdness & Mutations

You cannot wear most types of armour.
You are very stealthy in the water. (Stealth+)
((You are amphibious.))
You can wear up to eight rings at the same time.
((You can use your tentacles to constrict eight enemies at once.))
((Your skin changes colour to match your surroundings (Stealth+).))
((Your rubbery body absorbs attacks. (AC +1, EV +1)))


Message History

Dengdeng's ghost holds its blade at the ready.
Dengdeng's ghost misses you.
You hit dengdeng's ghost.
Dengdeng's ghost is severely damaged.
Dengdeng's ghost hits you!
* * * LOW HITPOINT WARNING * * *
You hit dengdeng's ghost but do no damage.
Dengdeng's ghost is severely damaged.
Dengdeng's ghost hits you.
* * * LOW HITPOINT WARNING * * *
You barely miss dengdeng's ghost.
Dengdeng's ghost is severely damaged.
Dengdeng's ghost misses you.
You bite dengdeng's ghost!
Dengdeng's ghost is almost destroyed.
Okay, then.
You hit dengdeng's ghost but do no damage.
Dengdeng's ghost is almost destroyed.
Dengdeng's ghost hits you!
You die...

.......#
#.####.####.###.####.#
###########.####.# #..##.# #.#
#.......#.#####.##.# #.#
#.#.#.#.#...# #..#.# #.#
#.......#.#.# ##.#.# #.##
#.#.#.#.###.# #...# #...
#.........#.#####..######.
###.#.#.#.#W#.............#.
#.........#s######.....##.#.
#)####.####.######.#...#..#.
#.##....# #......#.#...##.#.
###.##.##.#######.##.##..##.#.
#...##. #......##.##.##.>##>#.
####.####
######....##.######... .....#
#.#####.# #### ###### #.# #. #
###


You could see dengdeng's ghost.

Vanquished Creatures
  Sigmund (D:2)
  2 howler monkeys (D:4)
  Crazy Yiuf (D:2)
  Terence (D:2)
  An iguana (D:4)
  An orc wizard (D:4)
  Robin (D:4)
  2 adders (D:3)
  An ooze (D:1)
  3 worms
  A dart slug (D:1)
  3 leopard geckos
  5 orcs
  3 ball pythons
  6 giant cockroaches
  21 goblins
  5 hobgoblins
  8 jackals
  3 quokkas
  12 bats
  4 frilled lizards
  11 kobolds
  A quokka skeleton (D:4)
  7 rats
104 creatures vanquished.

Notes
Turn   | Place    | Note
-------+----------+-------------------------------------------
     0 | D:1      | gungr the Octopode Transmuter began the quest for the Orb.
     0 | D:1      | Reached XP level 1. HP: 13/13 MP: 3/3
   256 | D:1      | Reached XP level 2. HP: 18/18 MP: 5/5
   607 | D:1      | Reached skill level 4 in Unarmed Combat
   650 | D:1      | Reached XP level 3. HP: 20/23 MP: 6/6
   903 | D:2      | Noticed Terence
   935 | D:2      | Killed Terence
   935 | D:2      | Reached XP level 4. HP: 15/28 MP: 7/7
  1269 | D:2      | Found an iron altar of Okawaru.
  1275 | D:2      | Became a worshipper of Warmaster Okawaru
  1299 | D:2      | Noticed Sigmund
  1313 | D:2      | Killed Sigmund
  1313 | D:2      | Reached * piety under Okawaru
  1313 | D:2      | Reached skill level 6 in Unarmed Combat
  1313 | D:2      | Reached XP level 5. HP: 31/33 MP: 8/8
  1313 | D:2      | Reached XP level 6. HP: 36/38 MP: 9/9
  1318 | D:2      | Learned a level 3 spell: Spider Form
  1405 | D:2      | Found a runed door.
  1409 | D:2      | Noticed Crazy Yiuf
  1415 | D:2      | Killed Crazy Yiuf
  2913 | D:4      | Noticed dengdeng's ghost (novice GrBe)
  2989 | D:4      | Reached XP level 7. HP: 43/43 MP: 6/10
  3268 | D:4      | Noticed Robin
  3282 | D:4      | Killed Robin
  3730 | D:4      | Mangled by dengdeng's ghost

Skill      XL: |  1  2  3  4  5  6 |
---------------+-------------------+-----
Unarmed Combat | 4 6 |  6.6
Transmutations | 4 |  4.8
Fighting       | |  1.0
Dodging        | |  2.0
Spellcasting   | |  2.0

Action                   |  1- 3 |  4- 6 |  7- 9 || total
-------------------------+-------+-------+-------++-------
Melee: Unarmed           |    71 |   114 |    72 ||   257
       Constrict         |    19 |    22 |     7 ||    48
       Tentacles         |     5 |    12 |     5 ||    22
       Punch             |     4 |     5 |     1 ||    10
       Kick              |     3 |     6 |     6 ||    15
 Cast: Beastly Appendage |     1 |     5 |     1 ||     7
       Spider Form       |       |     3 |     4 ||     7
  Use: Potion            |       |     2 |     2 ||     4
 Stab: Sleeping          |     1 |    13 |       ||    14
  Eat: Bread ration      |       |     2 |       ||     2
       Fruit             |       |       |     1 ||     1
Armor: Skin              |     6 |    14 |     5 ||    25
Dodge: Dodged            |    44 |    65 |    54 ||   163
